 Dungeon Crawl Stone Soup version 0.25-a0-42-g6c54e25894 (webtiles) character file.

Game seed: 3308984169734873780, levelgen mode: deterministic

60 Flugkiller the Sneak (level 4, -2/29 HPs)
             Began as an Octopode Enchanter on Oct 22, 2019.
             Slain by an orc priest
             ... wielding a +0 hand axe
              (8 damage)
             ... on level 2 of the Dungeon.
             The game lasted 00:01:19 (1851 turns).

Flugkiller the Sneak (Octopode Enchanter)           Turns: 1851, Time: 00:01:20

Health: -2/29      AC:  1    Str:  7    XL:     4   Next: 4%
Magic:  7/7        EV: 18    Int: 17    God:
Gold:   133        SH:  0    Dex: 13    Spells: 6/7 levels left

rFire    . . .     SeeInvis .   a - +1 dagger
rCold    . . .     Gourm    .   (no shield)
rNeg     . . .     Faith    .   (helmet restricted)
rPois    .         Spirit   .   (no amulet)
rElec    .         Reflect  .   m - +4 ring of evasion
rCorr    .         Harm     .   (no ring)
MR       .....                  (no ring)
Stlth    +++.......             (no ring)
HPRegen  0.09/turn              (no ring)
MPRegen  0.10/turn              (no ring)
                                (no ring)
                                (no ring)

@: no status effects
A: almost no armour, stealthy swim, amphibious, 8 rings, constrict 8, camouflage
1, gelatinous body 1
a: no special abilities


You were on level 2 of the Dungeon.
You were not hungry.

You visited 1 branch of the dungeon, and saw 3 of its levels.

You collected 133 gold pieces.

Inventory:

Hand Weapons
 a - a +1 dagger (weapon)
Jewellery
 m - a +4 ring of evasion (left tentacle)
   (You found it on level 2 of the Dungeon)
Scrolls
 b - a scroll of blinking {unknown}
 e - a scroll of immolation {unknown}
 g - 2 scrolls of magic mapping {unknown}
 h - 2 scrolls of teleportation {unknown}
 k - a scroll of identify {unknown}
 l - a scroll of remove curse {unknown}
 o - a scroll of fog {unknown}
Potions
 d - 2 potions of might {unknown}
 f - a potion of ambrosia {unknown}
 i - a potion of curing {unknown}
 n - a potion of berserk rage {unknown}
 p - a potion of resistance {unknown}
Comestibles
 c - 4 rations


   Skills:
 + Level 2.1 Fighting
 - Level 1.0 Short Blades
 + Level 2.8 Dodging
 - Level 4.0 Stealth
 + Level 1.6 Unarmed Combat
 - Level 2.0 Spellcasting
 - Level 3.0 Hexes


You had 6 spell levels left.
You knew the following spells:

 Your Spells              Type           Power        Failure   Level  Hunger
a - Corona                Hex            ##.....      5%          1    #......

Your spell library contained the following spells:

 Spells                   Type           Power        Failure   Level  Hunger
 Ensorcelled Hibernation  Hex/Ice        #.....       16%         2    ###....
 Confuse                  Hex            ##......     17%         3    ###....
 Tukima's Dance           Hex            ##......     17%         3    ###....
 Dazzling Spray           Conj/Hex       #.....       30%         3    ###....


Dungeon Overview and Level Annotations

Branches:
Dungeon (3/15)

Altars:


Innate Abilities, Weirdness & Mutations

You cannot wear most types of armour.
You are very stealthy in the water. (Stealth+)
You are amphibious.
You can wear up to eight rings at the same time.
You can use your tentacles to constrict eight enemies at once.
Your skin changes colour to match your surroundings (Stealth+).
Your rubbery body absorbs attacks. (AC +1, EV +1)


Message History

You barely miss the orc. Your grab misses the orc. The orc misses you.
You hit the orc. You grab the orc. You squeeze the orc.
You kill the orc!
No target in view!
No target in view!
No target in view!
No target in view!
You climb downwards.
The orc priest casts a cantrip, but nothing happens.
The orc barely misses you.
There is a stone staircase leading up here.
The orc priest hits you but does no damage.
The orc completely misses you.
You climb upwards.
There is a stone staircase leading down here.
You hit the orc priest but do no damage.
You grab the orc priest. You constrict the orc priest.
The orc priest barely misses you. The orc hits you with a +0 whip.
You hit the orc priest but do no damage.
The orc priest is lightly wounded.
You constrict the orc priest.
The orc priest hits you with a +0 hand axe!
You hit the orc priest but do no damage.
The orc priest is lightly wounded.
You constrict the orc priest. The orc misses you.
You hit the orc priest but do no damage.
You squeeze the orc priest.
The orc priest is moderately wounded.
You constrict the orc priest, but do no damage.
The orc priest closely misses you. The orc completely misses you.
You hit the orc priest.
The orc priest is heavily wounded.
You constrict the orc priest, but do no damage.
The orc barely misses you. The orc priest closely misses you.
You hit the orc priest. You squeeze the orc priest.
The orc priest is almost dead.
You constrict the orc priest. The orc barely misses you.
The orc priest invokes the aid of Beogh against you.
Beogh smites you!
* * * LOW HITPOINT WARNING * * *
You are too injured to fight recklessly!
You are too injured to fight recklessly!
You are too injured to fight recklessly!
You are too injured to fight recklessly!
Unknown command.
You hit the orc priest but do no damage.
The orc priest is almost dead.
You constrict the orc priest. The orc misses you.
The orc priest hits you with a +0 hand axe!
You die...

##################
#.......##......##
#o#####.##.####.#.
#@#####.##.#......
#o##.........##.#.
#.##.##.##.####.##
#.......##......##
####.############
#......# ###
#.####.# ##.##
#...##.###.#.##
#.#.##.##)....#


You could see an orc priest and an orc.

Vanquished Creatures
  2 adders (D:2)
  A worm (D:2)
  2 dart slugs (D:1)
  A leopard gecko (D:2)
  2 orcs (D:2)
  A giant cockroach (D:1)
  4 goblins
  4 hobgoblins
  5 kobolds
  A quokka (D:2)
  A ball python (D:2)
  A bat (D:3)
  A frilled lizard (D:1)
  9 rats
35 creatures vanquished.

Notes
Turn   | Place    | Note
-------+----------+-------------------------------------------
     0 | D:1      | Flugkiller the Octopode Enchanter began the quest for the
                  | Orb.
     0 | D:1      | Reached XP level 1. HP: 11/11 MP: 3/3
    19 | D:1      | Reached skill level 1 in Fighting
    99 | D:1      | Reached XP level 2. HP: 16/18 MP: 5/5
   921 | D:2      | Reached skill level 1 in Unarmed Combat
   931 | D:2      | Reached XP level 3. HP: 24/24 MP: 6/6
  1631 | D:2      | Reached XP level 4. HP: 29/29 MP: 7/7
  1851 | D:2      | Slain by an orc priest

Levels and vault maps discovered:
D:1:      mrwooster_arrival_statue_2, layout_basic
D:2:      layout_loops_cross
D:3:      layout_basic, columned_hall_lemuel

Skill      XL: |  1  2  3 |
---------------+----------+-----
Fighting       | 1 2 |  2.1
Unarmed Combat | 1 |  1.6
Short Blades   | |  1.0
Dodging        | |  2.8
Stealth        | |  4.0
Spellcasting   | |  2.0
Hexes          | |  3.0

Action                   |  1- 3 |  4- 6 || total
-------------------------+-------+-------++-------
Melee: Dagger            |    78 |    10 ||    88
       Constrict         |    19 |     2 ||    21
       Tentacles         |    12 |     3 ||    15
 Stab: Sleeping          |    10 |     1 ||    11
  Eat: Chunk             |     2 |     1 ||     3
Armor: Skin              |     1 |     1 ||     2
Dodge: Dodged            |    43 |    12 ||    55

Table legend:
 A = Non-vault XP
 B = Vault XP
 C = Vault XP percentage of total XP
 D = Non-vault monster count
 E = Vault monster count
 F = Vault count percentage of total count
                 A         B        C        D         E       F
            +---------+---------+-------+---------+---------+-------
      Total |      86 |       0 |   0.0 |      35 |       0 |   0.0
            +---------+---------+-------+---------+---------+-------
        D:1 |      29 |       0 |   0.0 |      16 |       0 |   0.0
        D:2 |      56 |       0 |   0.0 |      18 |       0 |   0.0
        D:3 |       1 |       0 |   0.0 |       1 |       0 |   0.0
            +---------+---------+-------+---------+---------+-------
